 Dungeon Crawl Stone Soup version 0.14-a0-1653-g0ad7a2c (webtiles) character file.

3598 Mitsuki the Hoplite (level 9, -9/75 HPs)
             Began as a Lava Orc Fighter on Dec 27, 2013.
             Was a Follower of Okawaru.
             Killed from afar by Psyche (13 damage)
             ... with a puff of frost
             ... on Level 9 of the Dungeon.
             The game lasted 00:38:30 (6990 turns).

Mitsuki the Hoplite (Lava Orc Fighter)              Turns: 6990, Time: 00:38:30

HP  -9/75        AC 15     Str 22      XL: 9   Next: 65%
MP   9/9         EV 12     Int  8      God: Okawaru [*.....]
Gold 381         SH 24     Dex 10      Spells:  0 memorised,  8 levels left

rFire  + + +     SeeInvis .     C - +1,-1 long sword
rCold  x . .     Clarity  .     p - +1 chain mail "Fuegel" {Stlth+}
rNeg   . . .     Conserve .     c - +0 orc shield
rPois  +         rCorr    .     y - +1 helmet
rElec  .         rRot     .     (no cloak)
SustAb . .       Spirit   .     o - +0 pair of gloves (curse)
rMut   .         Warding  .     (no boots)
Saprov + . .     Stasis   .     (no amulet)
                                n - ring of poison resistance
                                f - +6 ring of evasion

@: about to teleport, slightly resistant to hostile enchantments, extremely
unstealthy
A: conserve scrolls, saprovore 1
a: Heroism, Renounce Religion


You were on level 9 of the Dungeon.
You worshipped Okawaru.
Okawaru was aware of your devotion.
You were hungry.

You visited 2 branches of the dungeon, and saw 10 of its levels.

You collected 381 gold pieces.

Inventory:

Hand weapons
 C - a +1,-1 long sword (weapon)
Armour
 c - a +0 orcish shield (worn)
 o - a cursed +0 pair of gloves (worn)
 p - the +1 chain mail "Fuegel" (worn) {Stlth+}
   (You found it on level 4 of the Dungeon)

   It makes you much more stealthy.
 y - a +1 helmet (worn)
Magical devices
 a - a wand of random effects (18) {unknown}
 l - a wand of fire (0)
 q - a wand of polymorph (7)
 w - a wand of paralysis (20)
 A - a wand of draining (6) {unknown}
 B - a wand of slowing (8)
 F - a wand of slowing (8)
 N - a wand of fire (6)
Comestibles
 d - 4 meat rations
 x - 2 bread rations
 z - an apple
 J - 14 cheeses
Scrolls
 b - 2 scrolls of blinking
 e - 4 scrolls of amnesia
 g - 6 scrolls of identify
 i - a scroll of magic mapping
 k - 2 scrolls of teleportation
 m - 2 scrolls of fog
 r - 2 scrolls of remove curse
 I - a scroll of recharging
 M - a scroll of enchant weapon II
Jewellery
 f - a +6 ring of evasion (left hand)
 n - a ring of poison resistance (right hand)
 u - an uncursed ring of wizardry
 K - an uncursed amulet of resist mutation
Potions
 h - 3 potions of agility {unknown}
 j - a potion of restore abilities
 s - a potion of resistance
 t - 3 potions of flight {unknown}
 v - a potion of heal wounds {unknown}
 D - a potion of curing {unknown}
 G - a potion of confusion {unknown}
 L - a potion of lignification {unknown}
Books
 E - a book of Hinderance

   Spells                             Type                      Level
   Confusing Touch                    Hexes                        1
   Slow                               Hexes                        2
   Confuse                            Hexes                        3
   Petrify                            Transmutation/Earth          4
   Leda's Liquefaction                Hexes/Earth                  4
   Metabolic Englaciation             Hexes/Ice                    6
 H - a book of Dreams

   Spells                             Type                      Level
   Ensorcelled Hibernation            Hexes/Ice                    2
   Flight                             Charms/Air                   3
   Phase Shift                        Translocation                5
   Shadow Creatures                   Summoning                    5
   Mass Confusion                     Hexes                        6
   Darkness                           Hexes                        7
 O - a book of Frost

   Spells                             Type                      Level
   Freeze                             Ice                          1
   Throw Frost                        Conjuration/Ice              2
   Ozocubu's Armour                   Charms/Ice                   3
   Throw Icicle                       Conjuration/Ice              4
   Summon Ice Beast                   Ice/Summoning                4
   Condensation Shield                Ice                          4


   Skills:
 + Level 6.1 Fighting
 + Level 7.1 Long Blades
 + Level 7.0 Armour
 + Level 5.3 Dodging
 + Level 0.5 Stealth
 + Level 8.7 Shields
 + Level 0.2 Unarmed Combat
 + Level 0.4 Evocations


You had 8 spell levels left.
You didn't know any spells.

Dungeon Overview and Level Annotations

Branches:
Dungeon (9/16)             Temple (1/1) D:6
    Orc: D:9-12        Lair: D:8-11

Altars:
Ashenzari
Cheibriados
Elyvilon
Fedhas
Kikubaaqudgha
Makhleb
Nemelex Xobeh
Okawaru
Sif Muna
Trog
Vehumet
Xom
Yredelemnul
Zin
the Shining One

Shops:
D:3 *

Annotations:
D:9 Psyche


Innate Abilities, Weirdness & Mutations

You have stony skin.
Your flesh is almost immune to the effects of heat.
Your fire spells are more powerful.
Your flesh is vulnerable to cold.
Your heat harms attackers.
You bathe your surroundings in blazing heat.
You are too hot to use scrolls.
You are very good at protecting items from fire.
You can tolerate rotten meat.


Message History

You block Psyche's attack. It hits you. Psyche hits you but does no damage.
Space warps horribly around you!
* * * LOW HITPOINT WARNING * * *
Psyche appears unharmed.
Psyche cries, "I hate blood and violence."
Psyche hits you but does no damage.
You feel strangely unstable. Psyche is singed by your heat.
Psyche is severely wounded.
Drink which item? (? for menu, Esc to quit)
Okay, then.
Drink which item? (? for menu, Esc to quit)
Okay, then.
You closely miss Psyche.
Psyche is severely wounded.
You block its attack. Psyche barely misses you.
Psyche is burned by your radiant heat.
Psyche is severely wounded.
Psyche points at you and mumbles some strange words.
The puff of frost hits you!
You feel a terrible chill!
You die...

...### .....##
.# ......###
...##
##......#
.....##
###....#
#....#
##...###
#...##
#.....###....#
##.....###...#
##.....#..@@#
###........#
##.....###
##...## #####


You could see Psyche.

Vanquished Creatures
  The ghost of mopl the Charmwright, an experienced HESk of Okawaru (D:5)
  Grinder (D:4)
  Eustachio (D:4)
  2 ice beasts
  2 black bears
  An ogre (D:8)
  Purgy (D:3)
  A phantom (D:4)
  3 sky beasts
  2 centaurs
  Sigmund (D:6)
  Duvessa (D:4)
  2 giant frogs
  A wyvern skeleton (D:6)
  3 crimson imps
  Dowan (D:4)
  A centaur zombie (D:6)
  2 hounds
  An iguana (D:9)
  A jelly (D:8)
  4 orc priests
  2 scorpions
  3 worker ants
  3 orc wizards (D:5)
  An orange rat (D:7)
  Ijyb (D:3)
  A hound zombie (D:8)
  A mummy (D:8)
  3 green rats (D:7)
  6 gnolls
  8 adders
  An inept feature mimic (D:2)
  5 worms
  A giant eyeball (D:6)
  5 giant geckos
  27 orcs
  A bat skeleton (D:7)
  9 giant cockroaches
  4 grey rats (D:7)
  19 hobgoblins
  11 jackals
  3 quokkas
  7 bats
  A giant gecko skeleton (D:5)
  6 giant newts
  A giant newt skeleton (D:4)
  A giant spore (D:3)
  13 goblins
  A hobgoblin zombie (D:8)
  7 kobolds
  A kobold skeleton (D:8)
  An orc skeleton (D:7)
  An orc zombie (D:8)
  16 rats
  A ballistomycete (D:3)
205 creatures vanquished.

Vanquished Creatures (others)
  An orc (D:5)
1 creature vanquished.

Grand Total: 206 creatures vanquished

Notes
Turn   | Place    | Note
--------------------------------------------------------------
     0 | D:1      | Mitsuki, the Lava Orc Fighter, began the quest for the Orb.
     0 | D:1      | Reached XP level 1. HP: 19/19 MP: 1/1
     0 | D:1      | Noticed a spriggan skeleton
     0 | D:1      | Noticed an octopode
     1 | D:1      | Noticed a human skeleton
     3 | D:1      | Noticed a draconian zombie
     3 | D:1      | Noticed a troll skeleton
     5 | D:1      | Noticed an elf skeleton
     6 | D:1      | Noticed a felid
     7 | D:1      | Noticed a centaur
     8 | D:1      | Noticed a minotaur zombie
    10 | D:1      | Noticed a human
    12 | D:1      | Noticed an elf zombie
    14 | D:1      | Noticed a naga
    14 | D:1      | Noticed a spriggan zombie
    16 | D:1      | Noticed an octopode zombie
    18 | D:1      | Noticed a draconian
    18 | D:1      | Noticed a felid
   285 | D:1      | Reached skill level 4 in Fighting
   285 | D:1      | Reached XP level 2. HP: 21/27 MP: 2/2
   750 | D:2      | Reached XP level 3. HP: 30/33 MP: 3/3
   877 | D:2      | Reached XP level 4. HP: 40/40 MP: 4/4
   880 | D:2      | Reached skill level 1 in Dodging
  1380 | D:3      | Reached XP level 5. HP: 16/46 MP: 5/5
  1539 | D:4      | Noticed Duvessa
  1555 | D:4      | Killed Duvessa
  1557 | D:4      | Noticed Dowan
  1567 | D:4      | Killed Dowan
  1601 | D:4      | Noticed Eustachio
  1602 | D:4      | Noticed Grinder
  1621 | D:3      | Reached XP level 6. HP: 33/53 MP: 6/6
  1682 | D:3      | Noticed Purgy
  1710 | D:3      | Killed Purgy
  1710 | D:3      | Reached skill level 5 in Armour
  2008 | D:3      | Paralysed by a potion of paralysis for 6 turns
  2132 | D:3      | Found Zin's Purification Station.
  2136 | D:3      | Found a glowing silver altar of Zin.
  2251 | D:3      | Reached skill level 5 in Shields
  2251 | D:3      | Reached XP level 7. HP: 49/60 MP: 7/7
  2269 | D:3      | Noticed Ijyb
  2298 | D:3      | Killed Ijyb
  2490 | D:4      | Paralysed by Grinder for 3 turns
  2504 | D:4      | Killed Grinder
  2628 | D:4      | Noticed a phantom
  2645 | D:4      | Killed a phantom
  2673 | D:4      | Got an aquamarine-encrusted chain mail
  2689 | D:4      | Identified the +1 chain mail "Fuegel" {Stlth+} (You found it on level 4 of the Dungeon)
  2828 | D:4      | Killed Eustachio
  2828 | D:4      | Reached skill level 5 in Fighting
  2828 | D:4      | Reached skill level 6 in Armour
  2828 | D:4      | Reached XP level 8. HP: 66/68 MP: 8/8
  3173 | D:5      | Entered Level 5 of the Dungeon
  3220 | D:5      | Noticed mopl's ghost (experienced HESk)
  3240 | D:5      | Killed mopl's ghost
  3476 | D:5      | Reached skill level 5 in Long Blades
  3478 | D:5      | Reached skill level 7 in Shields
  4223 | D:6      | Paralysed by a giant eyeball for 3 turns
  4229 | D:6      | Paralysed by a giant eyeball for 3 turns
  4233 | D:6      | Paralysed by a giant eyeball for 3 turns
  4313 | D:6      | Noticed Sigmund
  4342 | D:6      | Killed Sigmund
  4522 | D:6      | Reached XP level 9. HP: 62/74 MP: 9/9
  4683 | D:6      | Found a deep blue altar of Sif Muna.
  4792 | D:6      | Found a staircase to the Ecumenical Temple.
  4804 | Temple   | Entered the Ecumenical Temple
  4994 | Temple   | Became a worshipper of Warmaster Okawaru
  5086 | D:6      | Reached skill level 8 in Shields
  5822 | D:7      | Reached skill level 5 in Dodging
  5915 | D:7      | Found an ancient bone altar of Kikubaaqudgha.
  5926 | D:7      | Found a blossoming altar of Fedhas.
  6391 | D:8      | Found a sand-covered staircase.
  6534 | D:8      | Acquired Okawaru's first power
  6976 | D:9      | Noticed Psyche
  6990 | D:9      | Killed from afar by Psyche

Action                   |  1- 3 |  4- 6 |  7- 9 || total
-------------------------+-------+-------+-------++-------
Melee: Falchion          |    93 |   153 |   360 ||   606
       Unarmed           |       |       |     8 ||     8
       Long sword        |       |       |   300 ||   300
Evoke: Wand              |       |       |     5 ||     5
  Use: Scroll            |       |    10 |     9 ||    19
       Potion            |       |     4 |       ||     4
 Stab: Paralysed         |       |       |     1 ||     1
